Map: Zen LE

Players

Liquidthermy (uThermal)

  • Race: Terran Terran
  • Spawn Location: 7:00

Trap - Winner!

  • Race: Protoss Protoss
  • League: Bronze
  • Spawn Location: 1:00

Event: Shopify TSL 5

VOD

Have the link to the VOD?

Description

Time

  • Played on: May 31, 2020, 8:57 a.m.
  • Length: 5:08

All games in this series

Show
View Real Time Build Order
Export as new Build Order

Liquidthermy Terran 

Build Orders:  

Get SALT Encoding   

  12  0:02  SCV  
  13  0:13  Supply Depot  
  13  0:18  SCV  
  14  0:35  Barracks  
  14  0:50  Barracks  
  14  1:03  Barracks  
  14  1:08  SCV  
  15  1:16  Refinery  
  15  1:21  Marine  
  15  1:25  SCV  
  17  1:37  Marine  
  17  1:39  Marine  
  19  1:45  Supply Depot  
  19  1:50  Marine  
  20  1:55  Marine  
  20  1:59  Marine  
  22  2:03  Bunker  
  22  2:13  Marine  
  22  2:14  Marine  
  22  2:22  Marine  
  23  2:31  Marine  
  23  2:37  Marine  
  23  2:44  Marine  
  22  2:50  Marine  
  22  2:55  Marine  
  20  3:02  Marine  
  19  3:10  Marine  
  16  3:15  Marine  
  17  3:20  Marine  
  18  3:27  Marine  
  18  3:34  Marine  
  19  3:45  Marine  
  18  3:52  Marine  
  19  3:59  Marine  
  20  4:08  Marine  
  21  4:11  Marine  
  15  4:40  Marine  
  15  4:43  Marine  
  15  4:45  Marine  
Show
View Real Time Build Order
Export as new Build Order

Trap Protoss - Winner!

Build Orders:  

Get SALT Encoding   

  12  0:00  Probe  
  13  0:12  Probe  
  14  0:17  Pylon  
  14  0:25  Probe (Chrono Boost)  
  15  0:37  Probe (Chrono Boost)  
  15  0:38  Gateway  
  16  0:45  Probe (Chrono Boost)  
  16  0:47  Assimilator  
  17  0:51  Probe  
  18  1:03  Probe  
  19  1:15  Probe, Pylon  
  20  1:26  Zealot  
  20  1:27  Cybernetics Core  
  20  1:28  Probe  
  23  1:40  Probe  
  24  1:52  Probe  
  25  2:02  Stalker (Chrono Boost)  
  25  2:05  Shield Battery  
  25  2:06  Shield Battery  
  27  2:09  Shield Battery  
  27  2:12  Warp Gate  
  27  2:22  Stalker (Chrono Boost)  
  26  2:27  Probe  
  20  2:56  Stalker  
  19  3:13  Probe (Chrono Boost)  
  20  3:23  Probe (Chrono Boost)  
  21  3:29  Probe  
  21  3:35  Stalker  
  23  3:42  Probe  
  24  3:54  Probe  
  25  3:59  Pylon  
  25  4:06  Probe  
  26  4:15  Stalker  
  28  4:18  Probe  
  28  4:23  Assimilator  
  29  4:30  Probe  
  30  4:37  Stalker  
  32  4:42  Probe  
  33  4:54  Probe  
Tags
 
League
Bronze
Matchup
PvT
Spawn Locations
Cross Positions
Add a new tag
Caveats
  • Supply blocks, unpowered buildings, or Contaminate may cause inaccurate times.
  • Supply counts are checked every 10 seconds.